 Dungeon Crawl Stone Soup version 0.27.1-33-g824d729ab1 (webtiles) character file.

Game seed: 13281973242887347516

14265 pkoi the Grappler (level 11, -5/82 HPs)
             Began as a Red Draconian Fighter on Dec 1, 2021.
             Was a High Priest of the Shining One.
             Slain by a komodo dragon (20 damage)
             ... on level 1 of the Lair of Beasts.
             The game lasted 00:20:08 (18359 turns).

pkoi the Grappler (Red Draconian Fighter)          Turns: 18359, Time: 00:20:09

Health: -5/82      AC: 14    Str: 18    XL:     11   Next: 86%
Magic:  14/14      EV: 12    Int: 12    God:    the Shining One [*****.]
Gold:   779        SH: 17    Dex: 11    Spells: 10/10 levels left

rFire    + + .     SeeInvis .     - Unarmed
rCold    + . .     Faith    .   K - +0 kite shield {AC+3}
rNeg     + + .     Spirit   .   (armour unavailable)
rPois    .         Reflect  +   (helmet restricted)
rElec    .         Harm     .   x - scarf {rC+ rF+}
rCorr    .         Rampage  .   (no gloves)
Will     +....                  (no boots)
Stlth    +.........             j - amulet of reflection
HPRegen  0.23/turn              v - +4 ring of protection
MPRegen  0.14/turn              h - ring of willpower

@: short of breath, glowing, studying Bows
A: breathe fire, AC +7, unfitting armour, fire resistance 1, cold-blooded
a: Breathe Fire, Renounce Religion, Divine Shield, Cleansing Flame, Summon
Divine Warrior


You were on level 1 of the Lair of Beasts.
You worshipped the Shining One.
The Shining One was extremely pleased with you.
You visited 3 branches of the dungeon, and saw 14 of its levels.

You collected 914 gold pieces.
You spent 135 gold pieces at shops.

Inventory:

Missiles
 f - 27 boomerangs
 g - 70 poisoned darts (quivered)
 t - 3 curare-tipped darts
 D - 2 throwing nets
Armour
 x - a scarf of resistance (worn)
 K - a +0 kite shield of protection (worn)
Jewellery
 h - a ring of willpower (right hand)
 j - an amulet of reflection (around neck)
 o - a +6 ring of dexterity
 v - a +4 ring of protection (left hand)
 G - a ring of poison resistance
 H - an amulet of faith
 I - a ring of see invisible
Wands
 d - a wand of charming (5)
 l - a wand of iceblast (26)
 u - a wand of polymorph (4)
 z - a wand of mindburst (8)
 E - a wand of flame (4)
Scrolls
 c - 2 scrolls of magic mapping
 k - 2 scrolls of enchant armour
 m - 4 scrolls of summoning
 r - 2 scrolls of teleportation
 s - 4 scrolls of amnesia
 y - a scroll of silence {unknown}
 A - a scroll of blinking
 F - a scroll of identify
 J - 2 scrolls of fear
Potions
 b - a potion of might
 e - 2 potions of heal wounds
 i - a potion of brilliance
 n - 3 potions of flight
 p - 9 potions of curing
 q - 3 potions of resistance
 w - 2 potions of berserk rage
 B - a potion of invisibility {unknown}
 C - a potion of lignification {unknown}


   Skills:
 - Level 3.2 Fighting
 + Level 4.8 Dodging
 + Level 11.0 Shields
 * Level 14.5 Unarmed Combat
 - Level 4.6 Invocations


You had 10 spell levels left.
You didn't know any spells.
Your spell library contained the following spells:

 Spells                   Type           Power      Damage    Failure   Level
 Slow                     Hex            0%         N/A       63%         2
 Call Canine Familiar     Summ           0%         N/A       86%         3
 Confusing Touch          Hex            0%         N/A       86%         3
 Ozocubu's Armour         Ice            0%         N/A       86%         3
 Portal Projectile        Hex/Tloc       0%         N/A       86%         3
 Vampiric Draining        Necr           0%         2d6       86%         3
 Leda's Liquefaction      Hex/Erth       0%         N/A       99%         4
 Metabolic Englaciation   Hex/Ice        0%         N/A       100%        5
 Simulacrum               Ice/Necr       0%         N/A       100%        6


Dungeon Overview and Level Annotations

Branches:
Dungeon (12/15)            Temple (1/1) D:5            Lair (1/6) D:10
    Orc (0/2) D:12

Altars:
Ashenzari
Cheibriados
Dithmenos
Elyvilon
Fedhas
Gozag
Hepliaklqana
Kikubaaqudgha
Makhleb
Nemelex Xobeh
Okawaru
Qazlal
Ru
Sif Muna
Trog
Uskayaw
Vehumet
Wu Jian
Xom
Yredelemnul
Zin
The Shining One

Shops:
D:8 !

Annotations:
D:5 3 runed translucent doors, Unglued128's ghost, novice DsFE
D:7 2 runed translucent doors, hilljack's ghost, novice GrEE


Innate Abilities, Weirdness & Mutations

You can breathe blasts of fire.
Your fiery red scales are hard. (AC +7)
You cannot fit into any form of body armour.
Your flesh is heat resistant. (rF+)
You are cold-blooded and may be slowed by cold attacks.


Message History

The basilisk gazes at you. You resist with almost no effort.
The komodo dragon bites you!! The basilisk gazes at you.
You resist with almost no effort.
The komodo dragon bites you but does no damage.
The basilisk barely misses you. The komodo dragon bites you!
The basilisk bites you. The komodo dragon bites you!! The basilisk bites you.
The komodo dragon bites you!
* * * LOW HITPOINT WARNING * * *
The basilisk bites you.
* * * LOW HITPOINT WARNING * * *
The komodo dragon bites you!
* * * LOW HITPOINT WARNING * * *
The basilisk bites you. The komodo dragon bites you!!
* * * LOW HITPOINT WARNING * * *
The basilisk gazes at you. You resist with almost no effort.
The komodo dragon bites you but does no damage.
The basilisk bites you.
* * * LOW HITPOINT WARNING * * *
The komodo dragon bites you!
* * * LOW HITPOINT WARNING * * *
You turn to flesh and can move again.
Unknown command.
You hit the basilisk.
Your tail-slap misses the basilisk.
The basilisk is severely wounded.
The basilisk closely misses you.
You hit the basilisk.
The basilisk is almost dead.
You punch the basilisk!
You kill the basilisk!
Your Shields skill increases to level 11!
Press: ? - help, Shift-Dir - straight line, f - komodo dragon
Aim: a komodo dragon (haloed)
You breathe a blast of fire.
The fiery breath hits the komodo dragon!
The komodo dragon is lightly wounded.
The komodo dragon is engulfed in blazing flames.
The komodo dragon bites you!!
You die...

#....#....≈≈≈≈≈≈≈≈..#
#....#....≈≈≈≈≈≈≈≈≈..
#....#....≈≈≈≈≈≈≈≈≈..
##...#.†.≈≈≈≈≈≈≈≈≈≈≈.
#...#[...≈≈≈.<≈≈≈≈..
#...#....≈≈≈..≈≈≈≈.#
######.....P..≈≈≈≈≈≈≈≈≈.#
..............≈≈≈≈≈≈≈≈≈.#
#P......@......≈≈≈≈≈≈≈≈##
##.....l#####.#.≈.≈≈≈..≈#
#......'........#.......
#......#..).............
#......#........#
#P......#........#
#P......#.......
...)....#.......
...........#####


You could see a komodo dragon.

Vanquished Creatures
  A boulder beetle (D:12)
  2 cyclopes
  A manticore (D:12)
  3 unseen horrors
  A kobold demonologist (D:7)
  2 polar bears (D:9)
  3 trolls
  5 blink frogs (Lair:1)
  2 vampires
  14 yaks
  2 shadows
  A steam dragon (D:6)
  2 basilisks
  Menkaure (D:6)
  Edmund (D:6)
  3 acid dragons
  3 water moccasins
  A hornet zombie (D:8)
  A sky beast (D:6)
  An ice beast (D:4)
  6 orc warriors
  A necrophage (D:6)
  8 black bears
  8 centaurs
  2 ogres (D:7)
  A phantom (D:12)
  Blork the orc (D:4)
  2 gnoll sergeants
  3 bullfrogs
  2 scorpions
  A wyvern skeleton (D:5)
  3 killer bees (D:7)
  4 troll zombies (D:12)
  9 wights
  2 electric eels
  3 centaur zombies
  3 hounds
  2 centaur skeletons (D:6)
  A gnoll shaman (D:7)
  5 orc priests
  3 iguanas
  An iron imp (D:7)
  13 orc wizards
  4 ogre zombies (D:12)
  3 centaur simulacra (D:9)
  A howler monkey zombie (D:9)
  21 gnolls
  8 adders
  A shadow imp (D:5)
  A howler monkey simulacrum (D:9)
  3 white imps (D:9)
  An ufetubus (D:9)
  An adder zombie (D:5)
  An adder skeleton (D:4)
  4 worms
  2 dart slugs
  38 orcs
  9 endoplasms
  3 giant cockroaches
  26 goblins
  28 hobgoblins
  2 jackals (D:3)
  5 kobolds
  2 quokkas
  11 ball pythons
  4 bats
  5 frilled lizards
  A goblin skeleton (D:12)
  2 goblin zombies (D:12)
  A hobgoblin skeleton (D:12)
  7 hobgoblin zombies (D:12)
  5 orc skeletons (D:12)
  9 orc zombies (D:12)
  3 rats (D:1)
346 creatures vanquished.

Vanquished Creatures (others)
  2 fungi
  7 plants
9 creatures vanquished.

Grand Total: 355 creatures vanquished

Notes
Turn   | Place    | Note
-------+----------+-------------------------------------------
     0 | D:1      | pkoi the Draconian Fighter began the quest for the Orb.
     0 | D:1      | Reached XP level 1. HP: 19/19 MP: 1/1
   327 | D:1      | Reached XP level 2. HP: 26/26 MP: 2/2
   608 | D:1      | Reached skill level 3 in Unarmed Combat
  1305 | D:2      | Reached XP level 3. HP: 31/31 MP: 3/3
  1855 | D:2      | Reached XP level 4. HP: 17/38 MP: 4/4
  2363 | D:2      | Reached skill level 4 in Unarmed Combat
  3122 | D:3      | Reached XP level 5. HP: 43/45 MP: 5/5
  3478 | D:4      | Noticed a black bear
  3491 | D:4      | Killed a black bear
  3492 | D:4      | Reached skill level 5 in Unarmed Combat
  3811 | D:4      | Found an opulent altar of Gozag.
  3812 | D:4      | Found an ancient bone altar of Kikubaaqudgha.
  3812 | D:4      | Found a hide-covered altar of Uskayaw.
  3813 | D:4      | Found a basalt altar of Yredelemnul.
  3915 | D:4      | Noticed Blork the orc
  3926 | D:4      | Killed Blork the orc
  3927 | D:4      | Reached XP level 6. HP: 26/51 MP: 6/6
  4646 | D:4      | Noticed an ice beast
  4662 | D:4      | Killed an ice beast
  4663 | D:4      | Reached skill level 5 in Shields
  4663 | D:4      | Reached skill level 6 in Unarmed Combat
  5103 | D:3      | Your scales start taking on a fiery red colour.
  5103 | D:3      | Reached XP level 7. HP: 44/57 MP: 7/7
  5103 | D:3      | Gained mutation: Your flesh is heat resistant. (rF+) [Red
                  | Draconian growth]
  5597 | D:5      | Entered Level 5 of the Dungeon
  5720 | D:5      | Found a staircase to the Ecumenical Temple.
  5739 | Temple   | Entered the Ecumenical Temple
  6191 | D:5      | Found a runed translucent gate.
  6192 | D:5      | Found a runed translucent gate.
  6193 | D:5      | Found a runed translucent gate.
  6195 | D:5      | Noticed Unglued128's ghost (novice DsFE)
  6229 | D:5      | Reached skill level 7 in Unarmed Combat
  7180 | D:6      | Noticed a steam dragon
  7186 | D:6      | Killed a steam dragon
  7187 | D:6      | Reached skill level 8 in Unarmed Combat
  7187 | D:6      | Reached XP level 8. HP: 59/63 MP: 8/8
  8402 | D:6      | Noticed Edmund
  8426 | D:6      | Killed Edmund
  8427 | D:6      | Reached skill level 9 in Unarmed Combat
  8692 | D:6      | Noticed Menkaure
  8696 | D:6      | Killed Menkaure
  9312 | D:7      | Found a large runed translucent door.
  9312 | D:7      | Found a large runed translucent door.
  9315 | D:7      | Noticed hilljack's ghost (novice GrEE)
  9357 | D:7      | Reached XP level 9. HP: 54/70 MP: 9/9
  9677 | D:6      | Reached skill level 10 in Unarmed Combat
  9848 | D:7      | Found a snail-covered altar of Cheibriados.
 10260 | D:7      | Noticed a troll
 10377 | D:7      | Killed a troll
 10522 | D:7      | Noticed a troll
 10532 | D:7      | Killed a troll
 10533 | D:7      | Noticed a kobold demonologist
 10536 | D:7      | Noticed a rust devil
 10685 | D:7      | Killed a kobold demonologist
 10686 | D:7      | Reached skill level 11 in Unarmed Combat
 10910 | D:7      | Found a shimmering altar of Xom.
 12199 | D:8      | Noticed a cyclops
 12203 | D:8      | Killed a cyclops
 12204 | D:8      | Reached XP level 10. HP: 48/77 MP: 10/10
 12430 | Temple   | Became a worshipper of the Shining One
 12579 | D:8      | Reached skill level 12 in Unarmed Combat
 13076 | D:8      | Found a shadowy altar of Dithmenos.
 13123 | D:8      | Found Hioditeu's Distillery.
 13137 | D:8      | Bought a potion of heal wounds for 75 gold pieces
 13137 | D:8      | Bought a potion of brilliance for 60 gold pieces
 13349 | D:9      | Reached * piety under the Shining One
 14083 | D:9      | Reached ** piety under the Shining One
 14127 | D:10     | Entered Level 10 of the Dungeon
 14187 | D:9      | Reached skill level 1 in Invocations
 14534 | D:10     | Reached skill level 13 in Unarmed Combat
 14653 | D:10     | Reached skill level 10 in Shields
 14714 | D:10     | Reached XP level 11. HP: 57/82 MP: 13/13
 14908 | D:10     | Found a staircase to the Lair.
 15183 | D:10     | Found a broken altar of Ashenzari.
 15458 | D:11     | Identified the +8 chain mail of Fidiur {rN++ Str-2 Dex+5}
 17388 | D:12     | Found a staircase to the Orcish Mines.
 17388 | D:12     | Reached *** piety under the Shining One
 17418 | D:12     | Reached **** piety under the Shining One
 17539 | D:12     | Reached skill level 14 in Unarmed Combat
 17613 | D:12     | Reached ***** piety under the Shining One
 17701 | D:12     | Noticed a boulder beetle
 17721 | D:12     | Killed a boulder beetle
 18102 | Lair:1   | Entered Level 1 of the Lair of Beasts
 18359 | Lair:1   | Slain by a komodo dragon

Illustrated notes

Levels and vault maps discovered:
D:1:      lightli_arrival_farm, layout_basic, minivault_14,
          wander_ebering_terrifying_dragon_lair
D:2:      layout_loops_ring
D:3:      layout_basic
D:4:      minmay_goblin_kobold_castle, layout_rooms,
          chequers_temple_overflow_statue_of_worship, uniq_blork_the_orc
D:5:      layout_gridville, minmay_temple_entry_large_hall,
          portal_sewer_entry_e, gammafunk_ghost_necromancy, roderic_lattice_a,
          saegor_snake_ambush
D:6:      layout_cave_pods, amcnicky_mini_pool_medium, uniq_menkaure,
          uniq_edmund
D:7:      layout_loops_ring, nicolae_overflow_crystal_walls, slow_altar_2,
          ebering_ghost_disaster_area, minmay_manual_moon
D:8:      layout_basic, mainiacjoe_overflow_concentric_impassable, serial_shops,
          nicolae_shop_trees
D:9:      layout_loops_ring, serial_ice, serial_ice_d, serial_ice_o,
          serial_ice_b, serial_ice_l
D:10:     layout_stronghold, mainiacjoe_overflow_alcove_1,
          due_lair_maze_entry_diamond
D:11:     layout_loops_corners
D:12:     layout_roguey, zombieorc2_lemuel, minmay_misc_feat_nine_boxes
Temple:   eino_narrow_crystal_temple
Lair:1:   minmay_lair_oklob_tunnel, layout_chaotic_city,
          gammafunk_ghost_wrathful_warriors, infiniplex_staircase_pool_2

Skill      XL: |  1  2  3  4  5  6  7  8  9 10 11 |
---------------+----------------------------------+-----
Unarmed Combat | 3 4 5 6 8 9 11 13 14 | 14.5
Shields        | 4 5 6 7 9 10 11 | 11.0
Invocations    | 3 4 |  4.6
Dodging        | 4 |  4.8
Fighting       | |  3.2

Action                   |  1- 3 |  4- 6 |  7- 9 | 10-12 || total
-------------------------+-------+-------+-------+-------++-------
Melee: Unarmed           |   117 |   287 |   387 |   506 ||  1297
       Tailslap          |    15 |    40 |    60 |    79 ||   194
Invok: Divine Shield     |       |       |       |     1 ||     1
 Abil: Breathe Fire      |       |       |    17 |    11 ||    28
  Use: Scroll            |       |       |    13 |     5 ||    18
 Stab: Sleeping          |       |     1 |       |       ||     1
Armor: Skin              |    26 |    80 |    95 |    73 ||   274
Dodge: Dodged            |    40 |   146 |   149 |   126 ||   461
Block: Kite shield       |    59 |   172 |   260 |   372 ||   863
       Reflection        |       |       |     4 |    16 ||    20
